 Dungeon Crawl Stone Soup version 0.31-a0-204-g7da18cac08 (webtiles) character file.

Game seed: 4246742041544549065

218 innerfire43 the Trooper (level 5, -5/42 HPs)
             Began as a Demonspawn Monk on June 27, 2023.
             Was a Priest of Kikubaaqudgha.
             Killed by divine providence
             ... invoked by an orc priest
              (15 damage)
             ... on level 3 of the Dungeon.
             The game lasted 00:02:58 (1822 turns).

innerfire43 the Trooper (Demonspawn Monk)           Turns: 1822, Time: 00:03:00

Health: -5/42      AC:  5    Str: 14    XL:     5   Next: 63%
Magic:  1/1        EV: 13    Int: 11    God:    Kikubaaqudgha [***...]
Gold:   159        SH:  0    Dex: 15    Spells: 3/4 levels left

rFire   . . .        n - +1 whip (antimagic)
rCold   + . .        d - orb {light}
rNeg    . . .        p - +1 leather armour {rC+}
rPois   .            (helmet restricted)
rElec   .            (no cloak)
rCorr   +            f - +0 pair of gloves
SInv    .            (no boots)
Will    .....        (no amulet)
Stlth   +            i - ring of wizardry
HPRegen 0.27/turn    o - ring of resist corrosion
MPRegen 0.07/turn

%: wizardry (x1)
@: glowing
A: horns 1, demonic magic 2
a: Renounce Religion, Unearth Wretches


You were on level 3 of the Dungeon.
You worshipped Kikubaaqudgha.
Kikubaaqudgha was most pleased with you.
You visited 1 branch of the dungeon, and saw 3 of its levels.

You collected 159 gold pieces.

Inventory:

Hand Weapons
 a - a +0 hand axe
 n - a +1 antimagic whip (weapon)
Armour
 b - a +0 robe
 d - an orb of light (worn)
 f - a +0 pair of gloves (worn)
 p - a +1 leather armour of cold resistance (worn)
Jewellery
 i - a ring of wizardry (left hand)
 o - a ring of resist corrosion (right hand)
Scrolls
 e - 2 scrolls of immolation {unknown}
 g - 4 scrolls of identify {unknown}
 h - a scroll of revelation {unknown}
 j - 2 scrolls of teleportation {unknown}
 q - a scroll of enchant armour {unknown}
 r - a scroll of vulnerability {unknown}
Potions
 k - a potion of lignification {unknown}
 l - a potion of curing {unknown}
 m - 2 potions of resistance {unknown}
 s - 2 potions of haste {unknown}
 t - a potion of brilliance {unknown}


   Skills:
 + Level 4.0 Fighting
 + Level 3.6(4.0) Axes
 * Level 2.4(3.4) Maces & Flails
 + Level 3.6 Dodging


You had 3 spell levels left.
You knew the following spells:

 Your Spells              Type           Power      Damage    Failure   Level
a - Necrotise             Necr           0%         1d4       17%         1

Your spell library contained the following spells:

 Spells                   Type           Power      Damage    Failure   Level
 Sublimation of Blood     Necr           0%         N/A       26%         2
 Vampiric Draining        Necr           0%         2d6       45%         3
 Animate Dead             Necr           0%         N/A       85%         4
 Dispel Undead            Necr           0%         3d6       85%         4
 Agony                    Necr           0%         N/A       99%         5
 Borgnjor's Vile Clutch   Necr/Erth      0%         N/A       99%         5
 Death Channel            Necr           0%         N/A       100%        6


Dungeon Overview and Level Annotations

Branches:
Dungeon (3/15)

Altars:
Kikubaaqudgha

Shops:
D:1 ?   D:2 (


Innate Abilities, Weirdness & Mutations

You have a pair of small horns on your head.
Spells you cast may paralyse nearby enemies.


Message History

You hit the orc wizard but do no damage.
You headbutt the orc wizard!
The orc wizard is severely wounded.
The orc wizard's magic is no longer disrupted.
The orc priest miscasts a cantrip.
The orc wizard hits you but does no damage.
You closely miss the orc wizard. You headbutt the orc wizard.
You kill the orc wizard!
Kikubaaqudgha accepts your kill.
Unknown command.
You hit the orc.
The orc is heavily wounded.
The orc hits you with a +0 flail.
You hit the orc.
The orc is almost dead.
The orc hits you with a +0 flail!
The orc priest calls upon Beogh to heal the orc.
The orc is healed somewhat.
You are too injured to fight recklessly!
Unknown command.
You are too injured to fight recklessly!
Unknown command.
You are too injured to fight recklessly!
You are too injured to fight recklessly!
You hit the orc.
The orc is moderately wounded.
The orc barely misses you.
You barely miss the orc.
The orc is moderately wounded.
The orc barely misses you.
The orc priest invokes the aid of Beogh against you.
Beogh smites you!
* * * LOW HITPOINT WARNING * * *
You hit the orc.
You kill the orc!
Kikubaaqudgha accepts your kill.
The orc priest invokes the aid of Beogh against you.
Beogh smites you!
You die...
Kikubaaqudgha rasps: "You have failed me!
Welcome... death!"

...####### #.######
######## #.#
.......########.######.#
.†.....................#
.#####.#.#.#####.#######
...# #.####### ##.....
#........ ######.#
#.####### .....# #@#
#.##.# #S# #.##†# #o.
#.##.# #... #.##.# #....
#.##.# #..#.# .....#
#.##.. #....# #.# .#
.....#


You could see an orc priest and a ball python.

Vanquished Creatures
  A centaur (D:3)
  A hound (D:3)
  2 orc wizards (D:3)
  An adder (D:2)
  3 dart slugs
  2 orcs (D:3)
  4 ball pythons
  8 endoplasms
  2 giant cockroaches (D:1)
  3 goblins
  2 hobgoblins
  2 quokkas (D:2)
  A bat (D:2)
  A frilled lizard (D:2)
  6 kobolds (D:2)
  2 rats (D:2)
41 creatures vanquished.

Notes
Turn   | Place    | Note
-------+----------+-------------------------------------------
     0 | D:1      | innerfire43 the Demonspawn Monk began the quest for the
                  | Orb.
     0 | D:1      | Reached XP level 1. HP: 18/18 MP: 1/1
   143 | D:1      | Gained mutation: You have a pair of small horns on your
                  | head. [demonic ancestry]
   143 | D:1      | Reached XP level 2. HP: 24/24 MP: 2/2
   191 | D:1      | Found Mieclif's Magic Scroll Emporium.
   516 | D:1      | Found a faded altar of an unknown god.
   720 | D:1      | Prayed at the altar of an unknown god.
   720 | D:1      | Became a worshipper of Kikubaaqudgha
   720 | D:1      | Reached * piety under Kikubaaqudgha
   720 | D:1      | Received a gift from Kikubaaqudgha
   720 | D:1      | Reached ** piety under Kikubaaqudgha
   723 | D:1      | Learned a level 1 spell: Necrotise
   937 | D:2      | Reached *** piety under Kikubaaqudgha
   937 | D:2      | Received a gift from Kikubaaqudgha
   967 | D:2      | Gained mutation: Spells you cast may paralyse adjacent
                  | enemies. [demonic ancestry]
   967 | D:2      | Reached XP level 3. HP: 29/29 MP: 1/3
  1291 | D:2      | Found Badd's Weapon Shop.
  1531 | D:3      | Noticed a centaur
  1556 | D:3      | Killed a centaur
  1557 | D:3      | Reached skill level 1 in Maces & Flails
  1557 | D:3      | Reached XP level 4. HP: 36/37 MP: 1/4
  1684 | D:3      | Gained mutation: Spells you cast may paralyse nearby
                  | enemies. [demonic ancestry]
  1684 | D:3      | Reached XP level 5. HP: 30/42 MP: 1/5
  1813 | D:3      | Reached skill level 4 in Fighting
  1822 | D:3      | Killed from afar by an orc priest

Illustrated notes

Levels and vault maps discovered:
D:1:      heliophobic_arrival_henge, layout_basic, serial_shops,
          nicolae_shop_behind_doors, shapermc_ecumenical_altar_gd,
          minmay_hexomino_f4
D:2:      layout_loops_ring, serial_shops, nicolae_shop_tiny_glass
D:3:      layout_basic, nicolae_ru_the_path_less_chosen, roderic_lattice_a

Skill      XL: |  1  2  3  4  5 |
---------------+----------------+-----
Dodging        | 3 |  3.6
Axes           | 3 |  3.6
Maces & Flails | 1 2 |  2.4
Fighting       | 4 |  4.0

Action                     |  1- 3 |  4- 6 || total
---------------------------+-------+-------++-------
  Melee: Hand axe          |    61 |       ||    61
         Headbutt          |    18 |    10 ||    28
         Whip              |    43 |    27 ||    70
   Cast: Necrotise         |     1 |       ||     1
    Use: Potion            |     1 |       ||     1
   Stab: Sleeping          |     1 |       ||     1
 Armour: Robe              |    11 |       ||    11
         Leather armour    |    20 |     4 ||    24
  Dodge: Dodged            |    83 |     8 ||    91

Table legend: (Time is in decaauts)
 A = Elapsed time spent in this place.
 B = Non-inter-level travel time spent in this place.
 C = Inter-level travel time spent in this place.
 D = Time resting spent in this place.
 E = Time spent auto-exploring this place.
 F = Levels seen in this place.
 G = Mean time per level.
                   A        B        C        D        E       F      G
               +--------+--------+--------+--------+--------+-----+--------+
         Total |   1827 |   1690 |    137 |      0 |   1328 |   3 |  609.0 |
       Dungeon |   1827 |   1690 |    137 |      0 |   1328 |   3 |  609.0 |
               +--------+--------+--------+--------+--------+-----+--------+

Top non-repeatable levels by time:
     D:1: 755 daAuts
     D:2: 741 daAuts
     D:3: 330 daAuts
